 Dungeon Crawl Stone Soup version 0.23.2-30-g0e89c35649 (webtiles) character file.

Game seed: 10444284603175867177

28012 diana the Cleaver (level 13, -4/114 HPs)
             Began as a Minotaur Gladiator on June 12, 2019.
             Was a High Priest of Okawaru.
             Slain by a death yak (21 damage)
             ... on level 4 of the Lair of Beasts.
             The game lasted 00:22:59 (13997 turns).

diana the Cleaver (Minotaur Gladiator)             Turns: 13997, Time: 00:23:00

Health: -4/114     AC: 16    Str: 24    XL:     13   Next: 7%
Magic:  10/16      EV: 21    Int:  5    God:    Okawaru [*****.]
Gold:   1100       SH:  6    Dex: 12    Spells: 12/12 levels left

rFire    + . .     SeeInvis .   G - +0 war axe (chop)
rCold    . . .     Gourm    .   n - +0 buckler {rF+}
rNeg     + . .     Faith    .   g - +0 steam dragon scales
rPois    .         Spirit   .   (helmet restricted)
rElec    .         Reflect  .   e - +0 cloak
rCorr    .         Harm     .   M - +2 pair of gloves
MR       .....                  p - +0 pair of boots
Stlth    ++++......             y - amulet of rage
HPRegen  0.29/turn              o - ring of stealth
MPRegen  0.15/turn              F - ring of positive energy

@: heroism, finesse
A: retaliatory headbutt, horns 2
a: Heroism, Finesse, Renounce Religion, Evoke Berserk Rage


You were on level 4 of the Lair of Beasts.
You worshipped Okawaru.
Okawaru was extremely pleased with you.
You were not hungry.

You visited 3 branches of the dungeon, and saw 18 of its levels.

You collected 1100 gold pieces.

Inventory:

Hand Weapons
 G - a +0 war axe of chopping (weapon)
 N - a +4 scimitar of flaming
Missiles
 a - 2 silver javelins (quivered)
 d - 4 throwing nets
Armour
 e - a +0 cloak (worn)
 g - +0 steam dragon scales (worn)
 n - a +0 buckler of fire resistance (worn)
 p - a +0 pair of boots (worn)
 M - a +2 pair of gloves (worn)
Jewellery
 o - a ring of stealth (left hand)
 y - an amulet of rage (around neck)
 F - a ring of positive energy (right hand)
Wands
 E - a wand of iceblast (19)
 K - a wand of flame (39)
Scrolls
 h - 4 scrolls of teleportation
 j - 4 scrolls of amnesia
 l - 3 scrolls of fog
 m - 3 scrolls of enchant weapon
 q - 4 scrolls of magic mapping
 s - 6 scrolls of immolation
 u - 5 scrolls of blinking
 w - 3 scrolls of fear
 A - 3 scrolls of acquirement
 C - 3 scrolls of enchant armour {unknown}
 D - 2 scrolls of brand weapon {unknown}
 H - 2 scrolls of identify
 I - a scroll of random uselessness {unknown}
 J - a scroll of noise {unknown}
 L - a scroll of remove curse
Potions
 b - 5 potions of resistance
 i - 2 potions of mutation
 k - 6 potions of curing
 r - 5 potions of brilliance
 t - 3 potions of might
 v - 2 potions of berserk rage {unknown}
 x - 2 potions of heal wounds
 z - 5 potions of agility {unknown}
 B - 4 potions of haste {unknown}
 O - 2 potions of flight {unknown}
Comestibles
 c - 3 chunks of flesh
 f - 19 rations


   Skills:
 - Level 10.4(15.4) Fighting
 + Level 14.6(19.6) Axes
 - Level 2.0(7.0) Throwing
 + Level 14.1(19.1) Armour
 - Level 10.0(15.0) Dodging
 - Level 4.0(9.0) Shields
 + Level 6.0 Invocations


You had 12 spell levels left.
You didn't know any spells.
Your spell library contained the following spells:

 Spells                   Type           Power        Failure   Level  Hunger
 Freeze                   Ice            #...         47%         1    ##.....
 Throw Frost              Conj/Ice       #.....       63%         2    ###....
 Ozocubu's Armour         Chrm/Ice       #.......     85%         3    ####...
 Summon Ice Beast         Ice/Summ       #.......     99%         4    #####..
 Throw Icicle             Conj/Ice       #.......     99%         4    #####..


Dungeon Overview and Level Annotations

Branches:
Dungeon (11/15)            Temple (1/1) D:6            Lair (6/6) D:8
  Snake (0/4) Lair:3
  Swamp: Lair:2-4    Shoals: Lair:2-4     Slime: Lair:5-6       Orc: D:9-12

Altars:
Ashenzari
Cheibriados
Dithmenos
Elyvilon
Fedhas
Gozag
Hepliaklqana
Kikubaaqudgha
Makhleb
Nemelex Xobeh
Okawaru
Qazlal
Ru
Sif Muna
Trog
Uskayaw
Vehumet
Wu Jian
Xom
Yredelemnul
Zin
The Shining One

Shops:
D:4 %   D:6 (

Annotations:
Lair:5 1 runed translucent door, Otaguph's ghost, journeyman CeAM


Innate Abilities, Weirdness & Mutations

You reflexively headbutt those who attack you in melee.
You have a pair of horns on your head.


Message History

The death yak is severely wounded.
You hit the death yak. You block the death yak's attack.
Unknown command.
You hit the death yak but do no damage. You headbutt the death yak.
You kill the death yak!
Okawaru accepts your kill.
Your Invocations skill increases to level 6!
You hit the death yak.
Unknown command.
You hit the death yak. Your headbutt misses the death yak.
The death yak is severely wounded.
The death yak gores you but does no damage.
You hit the death yak.
The death yak is almost dead.
You barely miss the death yak. Your headbutt misses the death yak.
The death yak is almost dead.
You hit the death yak.
The death yak is almost dead.
The death yak gores you!!
You die...

##P...............
#..<.##....#P....P
#####..###..####.....
#.....## #...#####...
###...P####P...##..#..
#.....P#..#....÷####..
###....#..........##.<
##...###........P###.
#...@##..........##..
##.†Y###........###..
#...P ##..P.....#...
#...## ##..P.#####..
#.... ##P### #...
##... ## #≈..≈. #...
#..≈≈≈≈ ##... ....≈≈≈
...≈≈≈≈


You could see a death yak.

Vanquished Creatures
  3 hydras
  Erica (Lair:2)
  2 two-headed ogres
  2 death yaks (Lair:4)
  A necromancer (Lair:5)
  3 elephants (Lair:5)
  A guardian serpent (Lair:3)
  3 black mambas
  2 rime drakes (Lair:6)
  5 spiny frogs
  5 komodo dragons
  Prince Ribbit (D:7)
  A polar bear (Lair:6)
  9 hippogriffs
  8 blink frogs
  A spriggan (D:7)
  A wyvern (D:10)
  19 yaks
  4 hungry ghosts
  A steam dragon (D:8)
  4 vampire mosquitoes (Lair:2)
  4 insubstantial wisps (Lair:2)
  Menkaure (D:7)
  8 porcupines
  6 ice beasts
  9 water moccasins
  A swamp drake (Lair:2)
  5 orc warriors
  4 sky beasts
  A phantom (D:6)
  6 ogres
  8 wolves (Lair:2)
  2 necrophages
  4 centaurs
  7 crocodiles
  A gnoll sergeant (D:7)
  13 bullfrogs
  2 scorpions
  9 killer bees
  2 howler monkeys
  2 centaur zombies
  3 crimson imps
  3 bullfrog zombies
  4 jellies
  6 orc priests
  2 bullfrog skeletons (D:5)
  4 hounds
  A centaur skeleton (D:10)
  18 orc wizards
  5 iguanas
  3 worker ants
  4 yak simulacra (Lair:5)
  2 polar bear simulacra (Lair:5)
  2 wolf simulacra (Lair:5)
  A hound zombie (D:10)
  3 gnolls (D:7)
  A howler monkey skeleton (D:6)
  8 adders
  2 oozes
  2 adder skeletons
  7 worms
  3 dart slugs (D:2)
  8 leopard geckos
  48 orcs
  A ball python (D:2)
  9 bats
  2 giant cockroaches
  5 goblins
  9 hobgoblins
  4 jackals (D:1)
  8 kobolds
  4 quokkas
  4 frilled lizards
  A jackal zombie (D:8)
  9 rats
  3 river rat simulacra (Lair:5)
  2 plants (Lair:2)
373 creatures vanquished.

Vanquished Creatures (others)
  12 fungi
  20 plants
32 creatures vanquished.

Grand Total: 405 creatures vanquished

Notes
Turn   | Place    | Note
-------+----------+-------------------------------------------
     0 | D:1      | diana the Minotaur Gladiator began the quest for the Orb.
     0 | D:1      | Reached XP level 1. HP: 18/18 MP: 0/0
    52 | D:1      | Reached XP level 2. HP: 17/25 MP: 1/1
   108 | D:1      | Reached skill level 1 in Armour
   442 | D:1      | Reached XP level 3. HP: 30/31 MP: 2/2
  1264 | D:2      | Reached XP level 4. HP: 36/38 MP: 3/3
  2088 | D:3      | Reached XP level 5. HP: 34/46 MP: 4/4
  2757 | D:4      | Reached skill level 5 in Axes
  2760 | D:4      | Noticed an ogre
  2793 | D:3      | Reached XP level 6. HP: 35/53 MP: 5/5
  3065 | D:4      | Found a sparkling altar of Nemelex Xobeh.
  3084 | D:4      | Reached skill level 5 in Dodging
  3144 | D:4      | Found a basalt altar of Yredelemnul.
  3269 | D:4      | Found Affugiby's Food Boutique.
  3309 | D:5      | Entered Level 5 of the Dungeon
  3316 | D:5      | Reached skill level 5 in Fighting
  3316 | D:5      | Reached XP level 7. HP: 53/61 MP: 6/6
  3468 | D:4      | Reached skill level 5 in Armour
  4062 | D:6      | Reached XP level 8. HP: 13/70 MP: 7/7
  4458 | D:6      | Found a shattered altar of Ashenzari.
  4844 | D:6      | Found a staircase to the Ecumenical Temple.
  4874 | Temple   | Entered the Ecumenical Temple
  4984 | Temple   | Became a worshipper of Warmaster Okawaru
  5056 | D:6      | Found a stormy altar of Qazlal.
  5058 | D:6      | Noticed an air elemental
  5104 | D:6      | Found Setajat's Antique Weapon Boutique.
  5607 | D:7      | Reached XP level 9. HP: 78/79 MP: 8/8
  5652 | D:7      | Reached * piety under Okawaru
  5951 | D:7      | Noticed Menkaure
  5955 | D:7      | Killed Menkaure
  6218 | D:7      | Reached ** piety under Okawaru
  6595 | D:8      | Noticed a two-headed ogre
  6619 | D:8      | Noticed Prince Ribbit
  6627 | D:7      | Killed Prince Ribbit
  6759 | D:7      | Reached XP level 10. HP: 76/91 MP: 7/9
  6864 | D:7      | Reached *** piety under Okawaru
  6864 | D:7      | Received a gift from Okawaru
  7199 | D:8      | Killed a two-headed ogre
  7221 | D:7      | Reached skill level 10 in Axes
  7299 | D:8      | Found a staircase to the Lair.
  7829 | D:9      | Reached **** piety under Okawaru
  7843 | D:9      | Reached skill level 10 in Fighting
  8490 | D:10     | Entered Level 10 of the Dungeon
  8582 | D:10     | Reached skill level 10 in Armour
  8630 | D:10     | Reached XP level 11. HP: 79/101 MP: 10/10
  8835 | D:10     | Reached ***** piety under Okawaru
  8853 | D:10     | Reached skill level 10 in Dodging
  9202 | D:11     | Noticed a two-headed ogre
  9213 | D:11     | Killed a two-headed ogre
  9239 | D:11     | Noticed a seven-headed hydra
  9376 | Lair:1   | Entered Level 1 of the Lair of Beasts
  9912 | Lair:1   | You fall through a shaft!
 10317 | Lair:1   | Noticed a five-headed hydra
 10332 | Lair:1   | Killed an eight-headed hydra
 10332 | Lair:1   | Received a gift from Okawaru
 10527 | Lair:2   | Reached skill level 1 in Shields
 10809 | Lair:2   | Noticed Erica
 10837 | Lair:2   | Killed Erica
 10837 | Lair:2   | Reached XP level 12. HP: 53/107 MP: 8/11
 10844 | Lair:2   | Identified 2 scrolls of acquirement
 11141 | Lair:2   | Reached skill level 1 in Invocations
 11490 | Lair:3   | Found a staircase to the Snake Pit.
 11902 | Lair:3   | You fall through a shaft for 3 floors!
 11902 | Lair:6   | Entered Level 6 of the Lair of Beasts
 12268 | Lair:6   | Noticed a six-headed hydra
 12277 | Lair:5   | Reached ****** piety under Okawaru
 12431 | Lair:5   | Received a gift from Okawaru
 12441 | Lair:5   | Got a dazzling hat {god gift}
 12452 | Lair:5   | Identified the +1 hat of the Peasants {rPois rCorr Str-3
                  | Int-5} (Okawaru gifted it to you on level 5 of the Lair of
                  | Beasts)
 12452 | Lair:5   | Lost intelligence.
 12488 | Lair:5   | Found a runed translucent gate.
 12513 | Lair:5   | Noticed Otaguph's ghost (journeyman CeAM)
 12513 | Lair:5   | Noticed a minotaur
 12514 | Lair:5   | Noticed a six-headed hydra
 12781 | Lair:5   | Noticed a four-headed hydra
 12791 | Lair:5   | Killed a four-headed hydra
 12797 | Lair:5   | Noticed a four-headed hydra
 12808 | Lair:5   | Killed an eight-headed hydra
 12890 | Lair:5   | Reached skill level 5 in Invocations
 13273 | Lair:5   | Found a runed translucent gate.
 13273 | Lair:5   | Found a runed translucent gate.
 13909 | Lair:4   | Reached XP level 13. HP: 97/114 MP: 16/16
 13997 | Lair:4   | Slain by a death yak

Skill      XL: |  1  2  3  4  5  6  7  8  9 10 11 12 13 |
---------------+----------------------------------------+-----
Armour         | 1 2 3 4 5 6 8 10 12 14 | 14.1
Fighting       | 3 4 5 6 7 9 10 | 10.4
Axes           | 4 5 6 7 9 10 13 14 | 14.6
Dodging        | 4 5 6 7 8 9 10 | 10.0
Shields        | 3 4 |  4.0
Invocations    | 5 6 |  6.0
Throwing       | |  2.0

Action                   |  1- 3 |  4- 6 |  7- 9 | 10-12 | 13-15 || total
-------------------------+-------+-------+-------+-------+-------++-------
Melee: War axe           |    80 |   123 |   229 |   615 |    26 ||  1073
       Headbutt          |    14 |    22 |    51 |   141 |     6 ||   234
Throw: Javelin           |       |       |       |     4 |       ||     4
Invok: Heroism           |       |       |     2 |     8 |     1 ||    11
       Finesse           |       |       |       |       |     1 ||     1
 Abil: Evoke Berserk Rag |       |       |     2 |     3 |       ||     5
Evoke: Wand              |       |       |       |     9 |       ||     9
  Use: Scroll            |       |     7 |     6 |     7 |       ||    20
 Stab: Sleeping          |       |       |       |     8 |       ||     8
       Confused          |       |       |       |     1 |       ||     1
  Eat: Chunk             |       |     8 |    15 |    17 |     1 ||    41
       Ration            |       |       |       |     3 |       ||     3
Armor: Leather armour    |    20 |       |       |       |       ||    20
       Chain mail        |     1 |    59 |   142 |    54 |       ||   256
       Steam dragon scal |       |       |       |   151 |     4 ||   155
Dodge: Dodged            |    57 |    69 |   163 |   523 |    14 ||   826
Block: Buckler           |       |       |       |    55 |     3 ||    58
